 Dungeon Crawl Stone Soup version 0.19.0-9-gfd783f2 (webtiles) character file.

50 Millan the Shield-Bearer (level 3, -4/23 HPs)
             Began as a Gargoyle Fighter on Nov 7, 2016.
             Slain by a gnoll
             ... wielding a +0 halberd
              (7 damage)
             ... on level 2 of the Dungeon.
             The game lasted 00:02:03 (1162 turns).

Millan the Shield-Bearer (Gargoyle Fighter)         Turns: 1162, Time: 00:02:04

Health: -4/23      AC: 13    Str: 20    XL:     3   Next: 79%
Magic:  3/3        EV:  5    Int:  8    God:
Gold:   85         SH:  9    Dex:  9    Spells: 0 memorised, 2 levels left

rFire  . . .     SeeInvis .     a - +0 flail
rCold  . . .     Gourm    .     j - +0 chain mail
rNeg   + . .     Faith    .     c - +0 shield
rPois  ∞         Spirit   .     (no helmet)
rElec  +         Reflect  .     (no cloak)
rCorr  .         Harm     .     i - +0 pair of gloves
MR     .....                    (no boots)
Stlth  ..........               (no amulet)
                                (no ring)
                                (no ring)

@: no status effects
A: negative energy resistance 1, electricity resistance, unbreathing,
petrification resistance, rot immunity, AC +3
a: no special abilities


You were on level 2 of the Dungeon.
You were not hungry.

You visited 1 branch of the dungeon, and saw 2 of its levels.

You collected 85 gold pieces.

Inventory:

Hand Weapons
 a - a +0 flail (weapon)
Armour
 b - a +0 scale mail
 c - a +0 shield (worn)
 i - a +0 pair of gloves (worn)
 j - a +0 chain mail (worn)
Jewellery
 n - an uncursed ring of see invisible {unknown}
Scrolls
 e - a scroll of random uselessness {unknown}
 h - a scroll of amnesia {unknown}
 k - 2 scrolls of teleportation {unknown}
Potions
 d - a potion of might
 l - 2 potions of resistance {unknown}
 m - a potion of haste {unknown}
 o - a potion of degeneration {unknown}
 p - a potion of cancellation {unknown}
Comestibles
 f - 3 bread rations
 g - 2 meat rations


   Skills:
 + Level 3.5 Fighting
 + Level 2.5 Maces & Flails
 + Level 3.6 Armour
 + Level 0.2 Dodging
 + Level 4.1 Shields


You had 2 spell levels left.
You didn't know any spells.

Dungeon Overview and Level Annotations

Branches:
Dungeon (2/15)

Altars:
Ru


Innate Abilities, Weirdness & Mutations

You are resistant to torment.
Your stone body is resilient. (AC +3)
You are immune to poison.
You resist negative energy. (rN+)
You are resistant to electric shocks. (rElec)
You can survive without breathing.
You are immune to petrification.
You are immune to rotting.


Message History

You sock the gnoll!
You kill the gnoll!
You block the leopard gecko's attack.
You thump the leopard gecko!
You kill the leopard gecko!
You closely miss the goblin. The goblin barely misses you.
The gnoll hits you from afar with a halberd.
* * * LOW HITPOINT WARNING * * *
The goblin barely misses you.
You closely miss the goblin. You block the gnoll's attack.
The goblin hits you but does no damage. The gnoll hits you but does no damage.
You barely miss the goblin. The goblin hits you but does no damage.
The gnoll hits you from afar with a halberd.
* * * LOW HITPOINT WARNING * * *
You block the goblin's attack.
Okay, then.
Found a robe.
You hit the goblin but do no damage. You block the goblin's attack.
The gnoll hits you from afar with a halberd!
You die...

#.# #.# #.# #.# # ### #.#
#.#.. #.#
#####.#.######.####
.....[.......#....# ##
#@#..#.####.# #.
###########g##........#####.
........g.g.................
#####...............##.###.
#)######.#..###.##.# ## #.#
#.#..# #.##.# #)#
#.#..###.##.# #..
..#...##....# ...#
######..#####.#


You could see a gnoll and a goblin.

Vanquished Creatures
  2 gnolls (D:2)
  A worm (D:2)
  A dart slug (D:1)
  A leopard gecko (D:2)
  A giant cockroach (D:2)
  3 goblins (D:1)
  4 hobgoblins
  2 kobolds (D:1)
  A quokka (D:2)
  5 bats
  2 frilled lizards (D:1)
  A rat (D:2)
24 creatures vanquished.

Notes
Turn   | Place    | Note
-------+----------+-------------------------------------------
     0 | D:1      | Millan the Gargoyle Fighter began the quest for the Orb.
     0 | D:1      | Reached XP level 1. HP: 14/14 MP: 1/1
   226 | D:1      | Reached XP level 2. HP: 15/19 MP: 2/2
   980 | D:2      | Reached XP level 3. HP: 23/23 MP: 3/3
  1032 | D:2      | Found a faded altar of an unknown god.
  1032 | D:2      | Found a faded altar of an unknown god.
  1037 | D:2      | Found a faded altar of an unknown god.
  1039 | D:2      | Found a sacrificial altar of Ru.
  1041 | D:2      | Found a faded altar of an unknown god.
  1140 | D:2      | Reached skill level 4 in Shields
  1162 | D:2      | Slain by a gnoll

Skill      XL: |  1  2  3 |
---------------+----------+-----
Shields        | 4 |  4.1
Fighting       | |  3.5
Maces & Flails | |  2.5
Armour         | |  3.6
Dodging        | |  0.2

Action                   || total
-------------------------++-------
Melee: Flail             ||   116
  Eat: Chunk             ||     1
Armor: Chain mail        ||    77
       Scale mail        ||     3
Dodge: Dodged            ||    36
Block: Shield            ||    56
